 Dungeon Crawl Stone Soup version 0.23.2-1-ga50397a (webtiles) character file.

Game seed: 7512716859590966157

17 nyanpiggle the Magician (level 2, -6/19 HPs)
             Began as a Mummy Wizard on May 12, 2019.
             Mangled by Terence
             ... wielding a +0 morningstar
              (7 damage)
             ... on level 1 of the Dungeon.
             The game lasted 00:16:48 (2640 turns).

nyanpiggle the Magician (Mummy Wizard)              Turns: 2640, Time: 00:16:49

Health: -6/19      AC:  3    Str: 10    XL:     2   Next: 44%
Magic:  1/7        EV: 12    Int: 17    God:
Gold:   85         SH:  0    Dex: 10    Spells: 7/10 levels left

rFire    x . .     SeeInvis .   c - +0 short sword
rCold    + . .     Gourm    .   (no shield)
rNeg     + + +     Faith    .   a - +1 robe
rPois    ∞         Spirit   .   b - +0 hat
rElec    .         Reflect  .   (no cloak)
rCorr    .         Harm     .   (no gloves)
MR       .....                  (no boots)
Stlth    ++........             (no amulet)
HPRegen  0.06/turn              (no ring)
MPRegen  0.10/turn              (no ring)

@: very slightly contaminated
A: no food or potions, fire vulnerability, cold resistance 1, negative energy
resistance 3, torment resistance, unbreathing
a: no special abilities


You were on level 1 of the Dungeon.
You were not hungry.

You visited 1 branch of the dungeon, and saw 2 of its levels.

You collected 85 gold pieces.

Inventory:

Hand Weapons
 c - a +0 short sword (weapon)
Armour
 a - a +1 robe (worn)
 b - a +0 hat (worn)
Scrolls
 d - a scroll of remove curse
 e - a scroll of identify


   Skills:
 + Level 1.5 Dodging
 + Level 2.1 Stealth
 + Level 4.5 Spellcasting
 + Level 0.7 Conjurations
   Level 0.7 Summonings
 + Level 0.8 Translocations


You had 7 spell levels left.
You knew the following spells:

 Your Spells              Type           Power        Failure   Level  Hunger
a - Magic Dart            Conj           #...         11%         1    N/A
b - Blink                 Tloc           N/A          16%         2    N/A

Your spell library contained the following spells:

 Spells                   Type           Power        Failure   Level  Hunger
 Call Imp                 Summ           #.......     17%         2    N/A
 Slow                     Hex            #.......     22%         2    N/A
 Conjure Flame            Conj/Fire      #.......     36%         3    N/A
 Mephitic Cloud           Conj/Pois/Air  #.......     38%         3    N/A

Dungeon Overview and Level Annotations

Branches:
Dungeon (2/15)

Altars:

Annotations:
D:1 Terence


Innate Abilities, Weirdness & Mutations

You do not eat or drink.
Your flesh is vulnerable to fire.
You are immune to poison.
Your flesh is cold resistant. (rC+)
You are immune to negative energy. (rN+++)
You are immune to unholy pain and torment.
You can survive without breathing.


Message History

Casting: Blink (safe; 16% risk of failure)
Confirm with . or Enter, or press ? or * to list all spells.
You miscast Blink.
You are very lightly contaminated with residual magic.
Your skin tingles.
Casting: Blink (safe; 16% risk of failure)
Confirm with . or Enter, or press ? or * to list all spells.
You blink.
Found 15 gold pieces.
An adder comes into view.
The adder moves out of view.
Found 13 gold pieces.
Found a stone staircase leading up.
The adder closely misses you.
There is a stone staircase leading up here.
The adder closely misses you. Terence closely misses you. The adder bites you.
* * * LOW HITPOINT WARNING * * *
You climb upwards.
There is a stone staircase leading down here.
The adder completely misses you. Terence hits you with a +0 morningstar!
You die...

..#.........≈≈≈'...'.......'(..'≈
........#...≈≈≈#'###.#####.###'#≈
.......##...≈≈≈≈≈'...#...#...#≈≈≈
.......##...≈≈≈≈≈#.###...'.⌠.'≈≈≈
.......##...≈≈≈≈≈#.###.<.'.⌠.'≈≈≈
...[...##...≈≈≈≈≈'...#...#...#≈≈≈
.[.....##...≈≈≈#'###.#####.#'#'#≈
.......##...≈≈≈'...#.......#...'≈
............≈≈≈S@..##'###'##...'≈
.%.#####....≈≈≈#@#'#≈≈≈≈≈≈≈#'#'#≈
...# #....≈≈≈≈≈≈≈≈≈≈≈≈≈≈≈≈≈≈≈≈≈
...# #....≈≈≈≈≈≈≈≈≈≈≈≈≈≈≈≈≈≈≈≈≈
...# #....≈≈≈≈≈≈≈≈≈≈≈≈≈≈≈≈≈≈≈≈≈
#### #.........................
###.......................
#......################. ########
##


You could see Terence and an adder.

Vanquished Creatures
  A dart slug (D:1)
  6 goblins
  2 hobgoblins
  A bat (D:1)
  2 frilled lizards (D:1)
  A kobold (D:1)
  2 rats (D:1)
15 creatures vanquished.

Notes
Turn   | Place    | Note
-------+----------+-------------------------------------------
     0 | D:1      | nyanpiggle the Mummy Wizard began the quest for the Orb.
     0 | D:1      | Reached XP level 1. HP: 13/13 MP: 5/5
  1027 | D:1      | Reached XP level 2. HP: 14/19 MP: 0/7
  1031 | D:1      | Learned a level 2 spell: Blink
  2340 | D:2      | Noticed Terence
  2640 | D:1      | Mangled by Terence

Skill      XL: |  1 |
---------------+----+-----
Stealth        | 2 |  2.1
Dodging        | |  1.5
Spellcasting   | |  4.5
Conjurations   | |  0.7
Summonings     | |  0.7
Translocations | |  0.8

Action                   || total
-------------------------++-------
Melee: Unarmed           ||     4
       Short sword       ||    19
 Cast: Magic Dart        ||    34
       Blink             ||    20
  Use: Scroll            ||     3
 Stab: Sleeping          ||     1
Dodge: Dodged            ||    33
